 Dungeon Crawl Stone Soup version 0.17.0-26-gececa24 (webtiles) character file.

28 M4edhros the Charlatan (level 3, -2/23 HPs)
             Began as an Octopode Artificer on Nov 19, 2015.
             Slain by a goblin (3 damage)
             ... on level 2 of the Dungeon.
             The game lasted 00:00:52 (785 turns).

M4edhros the Charlatan (Octopode Artificer)          Turns: 785, Time: 00:00:53

Health: -2/23      AC:  1    Str: 10    XL:     3   Next: 14%
Magic:  5/5        EV: 12    Int: 14    God:
Gold:   28         SH:  0    Dex: 13    Spells: 0 memorised, 2 levels left

rFire  . . .     SeeInvis +     o - +0 mace (curse)
rCold  . . .     Clarity  +     (no shield)
rNeg   . . .     SustAt   .     (helmet restricted)
rPois  .         Gourm    .     m - amulet of clarity
rElec  .         Spirit   .     k - ring of see invisible
rCorr  .         Warding  .     (no ring)
rMut   .         Stasis   .     (no ring)
MR     .....                    (no ring)
Stlth  +++.......               (no ring)
                                (no ring)
                                (no ring)
                                (no ring)

@: not resistant to hostile enchantments, fairly stealthy
A: almost no armour, amphibious, 8 rings, constrict 8, camouflage 1, gelatinous
body 1
a: no special abilities


You were on level 2 of the Dungeon.
You were not hungry.

You visited 1 branch of the dungeon, and saw 2 of its levels.

You collected 28 gold pieces.

Inventory:

Hand Weapons
 a - a +0 short sword
 o - a cursed +0 mace (weapon)
Missiles
 p - 25 stones (quivered)
 q - a throwing net
Jewellery
 k - a ring of see invisible (left tentacle)
 m - an amulet of clarity (around mantle)
Wands
 b - a wand of flame (15)
 c - a wand of enslavement (13)
 d - a wand of random effects (15)
Scrolls
 g - a scroll of amnesia {unknown}
 h - 3 scrolls of enchant weapon {unknown}
 i - a scroll of blinking {unknown}
Potions
 f - a potion of ambrosia {unknown}
 j - 2 potions of lignification {unknown}
 l - a potion of curing {unknown}
Comestibles
 e - 2 bread rations
 n - 2 fruits


   Skills:
 - Level 1.0 Fighting
 - Level 1.0 Short Blades
 - Level 2.0 Dodging
 + Level 3.3 Stealth
 + Level 3.9 Evocations


You had 2 spell levels left.
You didn't know any spells.

Dungeon Overview and Level Annotations

Branches:
Dungeon (2/15)

Altars:
Ashenzari

Annotations:
D:2 Natasha


Innate Abilities, Weirdness & Mutations

You cannot wear most types of armour.
You are amphibious.
You can wear up to eight rings at the same time.
You can use your tentacles to constrict eight enemies at once.
Your skin changes colour to match your surroundings (Stealth).
Your rubbery body absorbs attacks (AC +1).


Message History

Natasha closely misses you. The goblin closely misses you. Natasha misses you.
The goblin closely misses you.
Evoke which item? (* to show all) (? for menu, Esc to quit)
Zapping:
c - a wand of enslavement (15)
Press: ? - help, Shift-Dir - straight line, f - goblin
Aim: a goblin (chance to defeat MR: 85%) Natasha resists with significant effort.
This wand has 14 charges left.
The crimson imp disappears in a puff of smoke!
Natasha claws you but does no damage. The goblin hits you.
* * * LOW HITPOINT WARNING * * *
Evoke which item? (* to show all) (? for menu, Esc to quit)
Zapping:
c - a wand of enslavement (14)
Press: ? - help, Shift-Dir - straight line, f - goblin
Aim: a goblin (chance to defeat MR: 85%) Natasha is charmed.
This wand has 13 charges left.
The goblin hits Natasha with a club.
Natasha mumbles some strange words.
The goblin hits you.
You die...

#.#....#####.#..####
##.##............#
#...#......###...#
##...##.....##....#
#.....#.....##.†..#
#.....#.....##....#
#..#..†....)..#
#.†########..##
#@g............#
#h#########..#.#
#g§...5....###.#
##......)...# #
#............
#...........#
#............
#.........(.#
#...........#


You could see 2 goblins and the friendly Natasha.

Vanquished Creatures
  A worm (D:2)
  A giant gecko (D:1)
  A ball python (D:1)
  2 giant cockroaches (D:1)
  3 goblins
  3 hobgoblins
  4 bats
  2 kobolds (D:1)
  8 rats
25 creatures vanquished.

Vanquished Creatures (others)
  A ball python (D:1)
1 creature vanquished.

Grand Total: 26 creatures vanquished

Notes
Turn   | Place    | Note
--------------------------------------------------------------
     0 | D:1      | M4edhros the Octopode Artificer began the quest for the Orb.
     0 | D:1      | Reached XP level 1. HP: 13/13 MP: 3/3
   294 | D:1      | Reached XP level 2. HP: 15/18 MP: 4/4
   734 | D:2      | Reached XP level 3. HP: 23/23 MP: 5/5
   743 | D:2      | Found a shattered altar of Ashenzari.
   762 | D:2      | Noticed Natasha
   784 | D:2      | HP: 1/23 [goblin (4)]
   785 | D:2      | Slain by a goblin

Action                   || total
-------------------------++-------
Melee: Short sword       ||    20
       Mace              ||    26
Evoke: Wand              ||     2
 Stab: Sleeping          ||     8
